AoeStats
← awsdaws23

Black Forest

509630383Analyzed
3v3 RM · 3d ago on Sep 27, 2026· 53m 19s· 6 players
Game mode
Random Map
Map size
Normal (6 player)
Population
200
Speed
Normal
Resources
Standard
Victory
Conquest
Starting age
Dark Age
Ending age
Imperial Age
RankedLock teamsTeams togetherTeam positionsShared explorationLock speedFull tech treeHidden civsTurbo modeCheats
Victory
Defeat
🇦🇺 Spanish · Australia
645
+16
🇪🇸 Turks · Spain
636
+16
🇮🇹 Celts · Italy
631
+17
🇩🇰 Vietnamese · Denmark
811
-24
🇹🇷 Goths · Türkiye
573
-13
🇦🇷 Franks · Argentina
545
-12
JuananRoca
11:18 Feudal Age
11:44 Double-Bit Axe
15:07 Horse Collar
17:06 Wheelbarrow
22:45 Castle Age
20:48 Stone Mining
22:04 Gold Mining
24:15 Hand Cart
23:47 Town Watch
24:07 Heavy Plow
24:34 Bow Saw
28:11 Town Patrol
30:26 Gold Shaft Mining
35:24 Imperial Age
34:30 Husbandry
34:44 Bloodlines
36:02 Fortified Wall
36:13 Ballistics
35:49 Murder Holes
36:07 Forging
35:48 Fletching
36:04 Scale Barding Armor
36:00 Padded Archer Armor
37:14 Bodkin Arrow
37:55 Iron Casting
39:15 Conscription
38:57 Artillery
38:18 Elite Janissary
39:43 Bracer
40:03 Chain Barding Armor
39:59 Leather Archer Armor
41:38 Hoardings
41:41 Caravan
salvo.anfuso
0:37 Loom
14:01 Feudal Age
27:28 Castle Age
27:02 Double-Bit Axe
27:01 Horse Collar
29:25 Bow Saw
30:23 Heavy Plow
32:29 Wheelbarrow
34:09 Town Watch
36:22 Hand Cart
37:56 Gold Mining
38:25 Caravan
38:56 Coinage
42:37 Imperial Age
42:27 Scale Barding Armor
42:22 Scale Mail Armor
42:23 Padded Archer Armor
42:14 Fletching
42:35 Forging
42:53 Onager
43:00 Heavy Scorpion
45:33 Siege Onager
48:10 Furor Celtica
48:41 Elite Woad Raider
49:43 Chain Mail Armor
49:24 Bodkin Arrow
awsdaws23
13:44 Feudal Age
12:01 Loom
19:01 Castle Age
17:17 Double-Bit Axe
17:45 Horse Collar
24:07 Bow Saw
25:54 Town Watch
27:08 Heavy Plow
29:06 Wheelbarrow
34:23 Imperial Age
31:29 Pikeman
32:11 Squires
33:09 Husbandry
33:19 Bloodlines
36:13 Conscription
35:35 Halberdier
37:51 Two-Man Saw
39:46 Scale Mail Armor
40:44 Elite Skirmisher
41:30 Thumb Ring
45:05 Caravan
44:33 Elite Conquistador
45:36 Chain Mail Armor
45:27 Scale Barding Armor
jube
0:30 Loom
15:19 Feudal Age
16:58 Wheelbarrow
16:29 Double-Bit Axe
24:12 Gold Mining
27:02 Castle Age
25:27 Fishing Lines
27:48 Stone Mining
28:34 Gold Shaft Mining
28:44 Gold Shaft Mining
28:30 Bow Saw
29:07 Caravan
29:14 Husbandry
30:17 Hand Cart
30:23 Scale Barding Armor
30:29 Forging
32:51 Fortified Wall
33:09 Chain Barding Armor
34:39 Iron Casting
35:22 Scale Mail Armor
36:36 Chain Mail Armor
36:35 Gillnets
41:26 Imperial Age
40:05 Devotion
40:36 Ballistics
43:17 Chemistry
41:57 Cavalier
43:03 Conscription
43:32 Siege Engineers
44:31 Paladin
46:36 Plate Barding Armor
ORION
0:27 Loom
16:49 Feudal Age
18:45 Stone Mining
22:46 Castle Age
22:02 Horse Collar
22:13 Double-Bit Axe
23:38 Gold Mining
31:15 Wheelbarrow
30:26 Town Watch
32:34 Squires
32:55 Bow Saw
32:51 Heavy Plow
33:32 Caravan
35:55 Hand Cart
36:22 Ballistics
35:49 Treadmill Crane
40:45 Anarchy
41:41 Forging
41:33 Scale Mail Armor
41:39 Scale Barding Armor
45:47 Imperial Age
43:25 Husbandry
43:36 Bloodlines
44:43 Heated Shot
45:04 Masonry
44:50 Murder Holes
46:16 Onager
Brabus88
1:44 Loom
13:23 Feudal Age
14:41 Wheelbarrow
13:56 Double-Bit Axe
13:53 Horse Collar
19:20 Castle Age
22:55 Heavy Plow
23:07 Bow Saw
25:05 Hand Cart
24:51 Fletching
25:01 Padded Archer Armor
26:11 Stone Mining
26:11 Gold Mining
28:21 Stone Shaft Mining
30:33 Bodkin Arrow
30:54 Leather Archer Armor
30:46 Scale Barding Armor
30:52 Forging
31:44 Caravan
37:01 Imperial Age
35:32 Treadmill Crane
36:17 Masonry
36:24 Town Watch
36:40 Murder Holes
36:55 Fortified Wall
36:58 Chatras
37:21 Arson
37:37 Squires
38:03 Paper Money
39:12 Iron Casting
38:37 Bracer
39:07 Ring Archer Armor
38:38 Scale Mail Armor
38:58 Chain Barding Armor
39:48 Two-Man Saw
39:02 Husbandry
39:12 Bloodlines
39:28 Elite Battle Elephant
40:09 Elite Skirmisher
40:55 Thumb Ring
41:33 Crop Rotation
41:09 Imperial Skirmisher
41:22 Elite Rattan Archer
43:07 Chain Mail Armor
44:17 Elite Fire Lancer
53:29 Chemistry
52:35 Siege Engineers
Connection lost

Rejoining the realm…

Still unreachable

The connection could not be restored.

Session expired

The server has moved on; the page needs a fresh start.